 Dungeon Crawl Stone Soup version 0.30.1-9-gdf580d7c3d (webtiles) character file.

Game seed: 3488997640721297050

72 danielguo94 the Covered (level 4, -6/29 HPs)
             Began as a Gargoyle Fighter on Oct 10, 2023.
             Mangled by a gnoll
             ... wielding a +0 halberd
              (7 damage)
             ... on level 2 of the Dungeon.
             The game lasted 00:01:24 (1365 turns).

danielguo94 the Covered (Gargoyle Fighter)          Turns: 1365, Time: 00:01:24

Health: -6/29      AC: 10    Str: 21    XL:     4   Next: 26%
Magic:  4/4        EV:  9    Int:  9    God:
Gold:   156        SH:  4    Dex:  9    Spells: 3/3 levels left

rFire   . . .        a - +0 flail
rCold   . . .        c - +0 buckler
rNeg    + . .        b - +0 scale mail
rPois   ∞            (no helmet)
rElec   +            (no cloak)
rCorr   .            (no gloves)
SInv    .            (no boots)
Will    .....        (no amulet) Stlth
                     (no ring)
HPRegen 0.24/turn    (no ring)
MPRegen 0.09/turn

%: no passive effects
@: no status effects
A: sickness immunity, AC +3, negative energy resistance 1, electricity
resistance, torment resistance 1, petrification resistance
a: no special abilities


You were on level 2 of the Dungeon.
You visited 1 branch of the dungeon, and saw 2 of its levels.

You collected 156 gold pieces.

Inventory:

Hand Weapons
 a - a +0 flail (weapon)
Armour
 b - a +0 scale mail (worn)
 c - a +0 buckler (worn)
Wands
 j - a wand of light (7)
Scrolls
 e - 2 scrolls of poison {unknown}
 f - a scroll of amnesia {unknown}
 h - 2 scrolls of blinking {unknown}
 i - 2 scrolls of identify {unknown}
Potions
 d - a potion of might
 g - 2 potions of curing {unknown}


   Skills:
 + Level 3.8 Fighting
 * Level 3.2 Maces & Flails
 + Level 3.8 Armour
 + Level 0.1 Dodging
 + Level 3.6 Shields


You had 3 spell levels left.
You didn't know any spells.
Your spell library contained the following spells:

 Spells                   Type           Power      Damage    Failure   Level
 Frozen Ramparts          Ice            0%         1d1       99%         3
 Vhi's Electric Charge    Tloc/Air       0%         N/A       99%         3
 Ice Form                 Ice/Tmut       0%         N/A       100%        4
 Summon Ice Beast         Ice/Summ       0%         N/A       100%        4
 Arcjolt                  Conj/Air       0%         1d10      100%        5
 Plasma Beam              Fire/Air       0%         2x1d11    100%        6


Dungeon Overview and Level Annotations

Branches:
Dungeon (2/15)

Altars:


Innate Abilities, Weirdness & Mutations

You are immune to sickness and miasma.
Your stone body is resilient. (AC +3)
You are immune to poison.
You resist negative energy. (rN+)
You are resistant to electric shocks. (rElec)
You are resistant to unholy torment.
You are immune to petrification.


Message History

You closely miss the gnoll.
The gnoll is heavily wounded.
The gnoll closely misses you. The gnoll hits you but does no damage.
You hit the gnoll.
The gnoll is almost dead.
You block the gnoll's attack.
The gnoll hits you from afar with a +0 halberd.
You hit the gnoll.
You kill the gnoll!
The gnoll hits you from afar with a +0 halberd.
The gnoll hits you with a +0 halberd!
You see here a stone.
You are too injured to fight recklessly!
You are too injured to fight recklessly!
You are too injured to fight recklessly!
You are too injured to fight recklessly!
You are too injured to fight recklessly!
You are too injured to fight recklessly!
You are too injured to fight recklessly!
You are too injured to fight recklessly!
You are too injured to fight recklessly!
You are too injured to fight recklessly!
You are too injured to fight recklessly!
You are too injured to fight recklessly!
You are too injured to fight recklessly!
You are too injured to fight recklessly!
You are too injured to fight recklessly!
You are too injured to fight recklessly!
You are too injured to fight recklessly!
You are too injured to fight recklessly!
You are too injured to fight recklessly!
You are too injured to fight recklessly!
You are too injured to fight recklessly!
You are too injured to fight recklessly!
You hit the gnoll.
The gnoll is heavily wounded.
The gnoll hits you with a +0 halberd!
* * * LOW HITPOINT WARNING * * *
The gnoll hits you with a +0 halberd!
You die...

#.##.#........# #.#
#....(........# #.#
####.##.......# #.#
#...†.........####
#.#.#.##.#>.......#.[.
#.#.#.##.#.########...
#.#...<#.#...### #...
#.###.##.#.)...# #...
#.)..@)..#.#...####...
#####g####.##.....g...
#.......#..........
#########..#..###..
#..#......#
#..#.####..
#..#.######
#..........
##.#.######


You could see a gnoll.

Vanquished Creatures
  2 gnolls (D:2)
  2 adders (D:2)
  A dart slug (D:1)
  A worm (D:2)
  4 endoplasms
  A giant cockroach (D:1)
  5 goblins
  A hobgoblin (D:2)
  3 jackals (D:1)
  3 quokkas (D:1)
  2 ball pythons (D:1)
  A bat (D:1)
  2 kobolds
  2 rats
30 creatures vanquished.

Notes
Turn   | Place    | Note
-------+----------+-------------------------------------------
     0 | D:1      | danielguo94 the Gargoyle Fighter began the quest for the
                  | Orb.
     0 | D:1      | Reached XP level 1. HP: 14/14 MP: 1/1
   311 | D:1      | Reached XP level 2. HP: 19/19 MP: 2/2
   973 | D:1      | Reached XP level 3. HP: 21/23 MP: 3/3
  1285 | D:2      | Reached XP level 4. HP: 12/29 MP: 4/4
  1365 | D:2      | HP: 1/29 [gnoll/+0 halberd (9)]
  1365 | D:2      | Mangled by a gnoll

Illustrated notes

Levels and vault maps discovered:
D:1:      lemuel_arrival_muddy, layout_basic, minivault_23
D:2:      layout_basic, chequers_serial_rivers_small_b, serial_bayou_pond_d

Skill      XL: |  1  2  3 |
---------------+----------+-----
Maces & Flails | 3 |  3.2
Fighting       | |  3.8
Armour         | |  3.8
Dodging        | |  0.1
Shields        | |  3.6

Action                     |  1- 3 |  4- 6 || total
---------------------------+-------+-------++-------
  Melee: Flail             |   108 |     8 ||   116
 Armour: Scale mail        |    54 |     4 ||    58
  Dodge: Dodged            |    56 |     4 ||    60
  Block: Buckler           |    19 |     4 ||    23
